 Dungeon Crawl Stone Soup version 0.19.4 (webtiles) character file.

131 Birungi the Skirmisher (level 5, -3/47 HPs)
             Began as a Hill Orc Fighter on Feb 2, 2017.
             Killed from afar by Raymar's ghost (8 damage)
             ... with a magic dart
             ... on level 3 of the Dungeon.
             The game lasted 00:07:17 (2171 turns).

Birungi the Skirmisher (Hill Orc Fighter)           Turns: 2171, Time: 00:07:18

Health: -3/47      AC:  8    Str: 20    XL:     5   Next: 14%
Magic:  5/5        EV:  7    Int:  8    God:
Gold:   129        SH:  9    Dex: 10    Spells: 0 memorised, 4 levels left

rFire  . . .     SeeInvis .     a - +0 war axe
rCold  . . .     Gourm    .     b - +0 scale mail
rNeg   . . .     Faith    .     c - +0 shield
rPois  .         Spirit   .     o - +0 helmet
rElec  .         Reflect  .     (no cloak)
rCorr  .         Harm     .     (no gloves)
MR     .....                    (no boots)
Stlth  ..........               (no amulet)
                                (no ring)
                                (no ring)

@: no status effects
A: no striking features
a: no special abilities


You were on level 3 of the Dungeon.
You were not hungry.

You visited 1 branch of the dungeon, and saw 3 of its levels.

You collected 129 gold pieces.

Inventory:

Hand Weapons
 a - a +0 war axe (weapon)
Armour
 b - a +0 scale mail (worn)
 c - a +0 shield (worn)
 o - a +0 helmet (worn)
Wands
 s - a wand of polymorph (13/24)
Scrolls
 h - a scroll of recharging {unknown}
 i - a scroll of fog {unknown}
 m - a scroll of blinking {unknown}
 p - a scroll of amnesia {unknown}
 q - 2 scrolls of identify {unknown}
Potions
 d - a potion of might
 e - a potion of cure mutation {unknown}
 g - a potion of lignification {unknown}
 j - a potion of heal wounds {unknown}
 k - a potion of agility {unknown}
 l - a potion of mutation {unknown}
 r - a potion of berserk rage {unknown}
Comestibles
 f - a bread ration
 n - 2 meat rations
 t - a fruit


   Skills:
 + Level 4.6 Fighting
 + Level 4.4 Axes
 + Level 4.1 Armour
 + Level 4.1 Shields


You had 4 spell levels left.
You didn't know any spells.

Dungeon Overview and Level Annotations

Branches:
Dungeon (3/15)

Altars:
Ashenzari

Annotations:
D:3 Raymar's ghost, amateur DEWz


Message History

Raymar's ghost is almost destroyed.
You block Raymar's ghost's attack.
Raymar's ghost points at you and mumbles some strange words.
The magic dart hits you!
You closely miss Raymar's ghost.
Raymar's ghost is almost destroyed.
Raymar's ghost casts a spell at you. The magic dart hits you!
* * * LOW HITPOINT WARNING * * *
You hit Raymar's ghost but do no damage.
Raymar's ghost is almost destroyed.
Raymar's ghost hits you but does no damage.
Your shield and scale mail prevent you from hitting Raymar's ghost.
Raymar's ghost is almost destroyed.
Raymar's ghost hits you.
* * * LOW HITPOINT WARNING * * *
Raymar's ghost hits you but does no damage.
Raymar's ghost gestures at you while chanting.
The magic dart hits you!
You die...

..#.# ###...##
#...##.#
#...#..#.# #.#
##w#.# ..
#S#.# # #W#.#
#...# .####
##.@##
.....#####..#
#......##..#
#..........#
#......†##.#
####......##
(#
..........##
.. #........#
#..
##..>....####.


You could see Raymar's ghost and a ball python.

Vanquished Creatures
  4 gnolls (D:2)
  3 adders (D:2)
  2 oozes
  3 worms (D:2)
  2 leopard geckos (D:2)
  5 goblins
  8 hobgoblins
  2 quokkas
  A ball python (D:2)
  5 bats
  2 frilled lizards
  6 kobolds
  10 rats
53 creatures vanquished.

Notes
Turn   | Place    | Note
-------+----------+-------------------------------------------
     0 | D:1      | Birungi the Hill Orc Fighter began the quest for the Orb.
     0 | D:1      | Reached XP level 1. HP: 19/19 MP: 1/1
   130 | D:1      | Reached XP level 2. HP: 21/27 MP: 2/2
   319 | D:1      | Found a shattered altar of Ashenzari.
   645 | D:2      | Reached XP level 3. HP: 31/33 MP: 3/3
  1001 | D:2      | Reached XP level 4. HP: 28/40 MP: 4/4
  1849 | D:2      | Reached XP level 5. HP: 45/47 MP: 5/5
  2130 | D:3      | Noticed Raymar's ghost (amateur DEWz)
  2171 | D:3      | Killed from afar by Raymar's ghost

Skill      XL: |  1  2  3  4 |
---------------+-------------+-----
Axes           | 3 4 |  4.4
Fighting       | 4 |  4.6
Armour         | 4 |  4.1
Shields        | 4 |  4.1

Action                   |  1- 3 |  4- 6 || total
-------------------------+-------+-------++-------
Melee: War axe           |   103 |    90 ||   193
  Eat: Chunk             |       |     3 ||     3
       Beef jerky        |       |     1 ||     1
Armor: Scale mail        |    55 |    25 ||    80
Dodge: Dodged            |    34 |    34 ||    68
Block: Shield            |    51 |    44 ||    95
